 Dungeon Crawl Stone Soup version 0.31.0-12-g77e489cdc1 (webtiles) character file.

Game seed: 10165150740942728575

79 Gadfly the Trooper (level 4, -5/49 HPs)
             Began as an Oni Berserker on Feb 24, 2024.
             Was a Believer of Trog.
             Slain by a gnoll
             ... wielding a +0 spear
              (8 damage)
             ... on level 2 of the Dungeon.
             The game lasted 00:01:49 (1598 turns).

Gadfly the Trooper (Oni Berserker)                  Turns: 1598, Time: 00:01:50

Health: -5/49      AC:  3    Str: 21    XL:     4   Next: 38%
Magic:  4/4        EV: 10    Int:  8    God:    Trog [**....]
Gold:   99         SH:  0    Dex: 10    Spells: 3/3 levels left

rFire   . . .        a - +0 mace
rCold   . . .        (no shield)
rNeg    . . .        b - +0 animal skin
rPois   .            (helmet restricted)
rElec   .            (no cloak)
rCorr   .            (gloves unavailable)
SInv    .            (boots unavailable)
Will    .....        (no amulet)
Stlth   +            (no ring)
HPRegen 0.28/turn    (no ring)
MPRegen 0.09/turn

%: no passive effects
@: no status effects
A: large, unfitting armour, horns 1, tough skin 1, double potion healing,
drunken brawling
a: Renounce Religion, Berserk, Trog's Hand


You were on level 2 of the Dungeon.
You worshipped Trog.
Trog was pleased with you.
You visited 1 branch of the dungeon, and saw 2 of its levels.

You collected 99 gold pieces.

Inventory:

Hand Weapons
 a - a +0 mace (weapon)
Armour
 b - a +0 animal skin (worn)
Scrolls
 g - a scroll of identify {unknown}
Potions
 c - a potion of enlightenment {unknown}
 d - a potion of experience {unknown}
 e - 2 potions of mutation {unknown}
 f - 2 potions of brilliance {unknown}
 h - a potion of lignification {unknown}
 i - 2 potions of degeneration {unknown}


   Skills:
 + Level 4.5 Fighting
 * Level 3.7 Maces & Flails
 * Level 1.5 Armour
 - Level 2.6 Dodging
 * Level 1.4 Evocations


You had 3 spell levels left.
You didn't know any spells.
Your spell library was empty.

Dungeon Overview and Level Annotations

Branches:
Dungeon (2/15)

Altars:


Innate Abilities, Weirdness & Mutations

You are too large for most types of armour.
You have a pair of small horns on your head.
You have tough skin. (AC +1)
You gain doubled healing and magic from potions.
Whenever you drink a healing potion, you attack all around you.


Message History

You are too injured to fight recklessly!
You are too injured to fight recklessly!
You are too injured to fight recklessly!
You are too injured to fight recklessly!
You are too injured to fight recklessly!
You are too injured to fight recklessly!
You are too injured to fight recklessly!
You are too injured to fight recklessly!
You are too injured to fight recklessly!
You are too injured to fight recklessly!
You are too injured to fight recklessly!
You are too injured to fight recklessly!
You are too injured to fight recklessly!
You are too injured to fight recklessly!
You are too injured to fight recklessly!
You are too injured to fight recklessly!
You are too injured to fight recklessly!
You are too injured to fight recklessly!
You are too injured to fight recklessly!
Unknown command.
You barely miss the gnoll.
The gnoll is severely wounded.
The gnoll barely misses you.
You closely miss the gnoll.
The gnoll is severely wounded.
The gnoll hits you with a +0 spear!
You hit the gnoll.
The gnoll is severely wounded.
The gnoll hits you with a +0 spear.
* * * LOW HITPOINT WARNING * * *
You hit the gnoll.
The gnoll is almost dead.
The gnoll hits you with a +0 spear!
* * * LOW HITPOINT WARNING * * *
The gnoll hits you with a +0 spear.
* * * LOW HITPOINT WARNING * * *
You barely miss the gnoll. Your headbutt misses the gnoll.
The gnoll is almost dead.
The gnoll hits you with a +0 spear!
You die...

#
#.##.#.
#####...
#.#....
#......
...#.#.
#.....##
.......
#......
#...#.#>
.....
#..###.#


gg. ... . #g# #@# #.# #.## #..##### ##......# # #.......+ + ##...##.# # #...##.#
#......# You could see 3 gnolls.

Vanquished Creatures
  2 gnolls
  2 adders (D:2)
  A dart slug (D:1)
  4 endoplasms (D:1)
  2 giant cockroaches
  3 goblins
  3 hobgoblins (D:1)
  3 quokkas (D:1)
  5 ball pythons
  3 bats
  6 frilled lizards
  2 kobolds
  6 rats
42 creatures vanquished.

Notes
Turn   | Place    | Note
-------+----------+-------------------------------------------
     0 | D:1      | Gadfly the Oni Berserker began the quest for the Orb.
     0 | D:1      | Reached XP level 1. HP: 24/24 MP: 1/1
    88 | D:1      | Reached XP level 2. HP: 7/32 MP: 2/2
   401 | D:1      | Reached ** piety under Trog
   418 | D:1      | Reached skill level 1 in Armour
   421 | D:1      | Reached XP level 3. HP: 18/39 MP: 3/3
   432 | D:1      | Reached skill level 1 in Evocations
   519 | D:1      | Found a faded altar of an unknown god.
   834 | D:2      | Found the +1 Delatra's gloves {ID++}
   994 | D:2      | Reached XP level 4. HP: 49/49 MP: 4/4
  1597 | D:2      | HP: 2/49 [gnoll/+0 spear (4)]
  1598 | D:2      | Slain by a gnoll

Illustrated notes

Levels and vault maps discovered:
D:1:      lightli_arrival_flooded_house, layout_rooms,
          hellmonk_ecumenical_altar_arch_garden
D:2:      layout_loops_corners, st_stairs_8

Skill      XL: |  1  2  3 |
---------------+----------+-----
Armour         | 1 |  1.5
Evocations     | 1 |  1.4
Fighting       | |  4.5
Maces & Flails | |  3.7
Dodging        | |  2.6

Action                     |  1- 3 |  4- 6 || total
---------------------------+-------+-------++-------
  Melee: Mace              |   116 |    36 ||   152
         Headbutt          |     7 |     3 ||    10
    Use: Scroll            |     1 |       ||     1
 Armour: Animal skin       |   109 |    30 ||   139
  Dodge: Dodged            |    77 |    21 ||    98
